cohdb
Replays
Latest Replays
All Replays
Popular Replays
Top Player Replays
Match Explorer
How It Works
Community
CoH3 Stats
Reddit
Sign in to upload your games and track your stats! →
Sign in with Steam
Match 42750016
Unlisted
Match 42750016
Overview
Messages
Build Orders
End
Construct Weapon Support Center
Selects Airborne Battlegroup
Selects Pathfinders
Pathfinder Squad
M1919 Machine Gun Team
M1919 Machine Gun Team
Infantry Support Center
M3 Armored Personnel Carrier
Engineer Squad
Selects Paratrooper Squad Paradrop
Selects Paratrooper Squad Paradrop
Paratrooper Squad Paradrop
M3 Armored Personnel Carrier
Selects Anti-tank Gun Team Paradrop
Paratrooper Squad Paradrop
Selects Recon Loiter
Anti-tank Gun Team Paradrop
Survival Training
Selects Supply Drop
Construct Tank Depot
Anti-tank Gun Team Paradrop
Advanced Logistics
Recon Loiter
Selects Carpet Bombing Run
Cyros
Miyu Takara
TidaL
sam_devos
UnknownDenomenator
꽃이에옹
✠-Ober-✠
你是暖光iii
0
0
Comments
sign in to comment!
No comments posted yet!